 Dungeon Crawl Stone Soup version 0.31.0-9-g3a7656b989 (webtiles) character file.

Game seed: 6102859012966195092

454 qw the Skirmisher (level 6, -13/35 HPs)
             Began as a Deep Elf Hunter on Feb 2, 2024.
             Killed from afar by a steam dragon (14 damage)
             ... with a ball of steam
             ... on level 7 of the Dungeon.
             The game lasted 00:00:11 (2982 turns).

qw the Skirmisher (Deep Elf Hunter)                 Turns: 2982, Time: 00:00:11

Health: -13/35     AC:  7    Str: 10    XL:     6   Next: 76%
Magic:  8/8        EV: 11    Int: 14    God:
Gold:   222        SH:  0    Dex: 18    Spells: 5/5 levels left

rFire   . . .        a - +1 shortbow (freeze)
rCold   . . .        (shield currently unavailable)
rNeg    . . .        i - +0 ring mail
rPois   .            l - +0 helmet
rElec   .            (no cloak)
rCorr   .            (no gloves)
SInv    .            g - +0 pair of boots
Will    .....        (no amulet)
Stlth   +            (no ring)
HPRegen 0.25/turn    (no ring)
MPRegen 0.11/turn

%: no passive effects
@: no status effects
A: no striking features
a: no special abilities


You were on level 7 of the Dungeon.
You visited 1 branch of the dungeon, and saw 5 of its levels.

You collected 222 gold pieces.


   Skills:
 - Level 2.2 Fighting
 + Level 9.8 Ranged Weapons
 - Level 1.1 Armour
 - Level 3.2 Dodging
 - Level 1.2 Stealth


You had 5 spell levels left.
You didn't know any spells.
Your spell library was empty.

Inventory:

Hand Weapons
 a - a +1 shortbow of freezing (weapon)
Armour
 b - a +0 cloak
 g - a +0 pair of boots (worn)
 i - a +0 ring mail (worn)
 l - a +0 helmet (worn)
Wands
 d - a wand of digging (1)
 m - a wand of flame (12)
Scrolls
 c - a scroll of identify
Potions
 h - a potion of haste {unknown}
 j - a potion of cancellation
 k - a potion of enlightenment {unknown}

Dungeon Overview and Level Annotations

Branches:
Dungeon (7/15)
 Temple: D:4-7

Altars:
Vehumet

Annotations:
D:3 1 runed translucent door, Crazy Yiuf


Message History

You shoot an arrow.
The arrow barely misses the steam dragon.
You shoot an arrow. The arrow hits the steam dragon.
The arrow freezes the steam dragon.
The steam dragon is lightly wounded.
The steam dragon barely misses you. The steam dragon closely misses you.
You shoot an arrow. The arrow hits the steam dragon!
The arrow freezes the steam dragon.
The steam dragon is heavily wounded.
The steam dragon completely misses you.
The steam dragon claws you but does no damage.
You shoot an arrow.
The arrow hits the steam dragon but does no damage.
The steam dragon is heavily wounded.
The steam dragon closely misses you. The steam dragon claws you.
The sky beast flickers out of sight!
Deactivating autopickup; reactivate with Ctrl-A.
You shoot an arrow.
The arrow hits the steam dragon but does no damage.
The steam dragon is heavily wounded.
The steam dragon barely misses you. The steam dragon claws you.
You shoot an arrow. The arrow hits the steam dragon.
The arrow freezes the steam dragon.
The steam dragon is heavily wounded.
The steam dragon breathes steam at you. The ball of steam hits you!
Autopickup is now on.
You shoot an arrow. The arrow hits the steam dragon.
The arrow freezes the steam dragon.
The steam dragon is severely wounded.
You are engulfed in a cloud of scalding steam.
The steam dragon bites you but does no damage.
The steam dragon claws you.
You shoot an arrow. The arrow hits the steam dragon.
The arrow freezes the steam dragon.
The steam dragon is severely wounded.
You are engulfed in a cloud of scalding steam.
The steam dragon breathes steam at you. The ball of steam hits you!
You die...

#
#.################
##................#
#.....@##########.#
######D# #.# #{.
#.# #... #.# #....
#.# #..... #.#
#...... #.#
#(...### #.# #.#


You could see a steam dragon (catching breath).

Vanquished Creatures
  A bullfrog (D:4)
  A scorpion (D:3)
  A bombardier beetle (D:4)
  A hound (D:4)
  Jessica (D:3)
  Natasha (thrice) (D:3)
  Robin (D:3)
  7 adders
  2 ribbon worms
  2 dart slugs
  7 orcs
  2 endoplasms
  4 giant cockroaches
  10 goblins
  9 hobgoblins
  8 jackals
  3 kobolds
  4 quokkas
  4 ball pythons
  6 bats
  4 frilled lizards
  7 rats
88 creatures vanquished.

Notes
Turn   | Place    | Note
-------+----------+-------------------------------------------
     0 | D:1      | qw the Deep Elf Hunter began the quest for the Orb.
     0 | D:1      | Reached XP level 1. HP: 12/12 MP: 3/3
     0 | D:1      | 0 ||| qw: Version: 0.3-a-155-g5e7d8dd
     0 | D:1      | 0 ||| qw: Game counter: 1633
     0 | D:1      | 0 ||| qw: Melee chars always use a shield: true
     0 | D:1      | 0 ||| qw: God list: Okawaru
     0 | D:1      | 0 ||| qw: Allow faded altars: false
     0 | D:1      | 0 ||| qw: Do Orc after clearing Dungeon:15 true
     0 | D:1      | 0 ||| qw: Do second Lair branch before Depths: true
     0 | D:1      | 0 ||| qw: Lair rune preference: random
     0 | D:1      | 0 ||| qw: Goals: Normal
     0 | D:1      | 0 ||| PLANNING D:1-11
   206 | D:1      | Reached skill level 6 in Ranged Weapons
   206 | D:1      | Reached XP level 2. HP: 11/16 MP: 4/4
   744 | D:1      | 744 ||| READING scroll labelled VILOFE WUQOR.
   747 | D:1      | 747 ||| READING scroll labelled ESCHICW TUMOHU.
   747 | D:1      | 747 ||| IDENTIFYING coppery potion
   748 | D:1      | 748 ||| DROPPING scroll of butterflies.
   796 | D:2      | Reached XP level 3. HP: 20/20 MP: 5/5
   863 | D:2      | Found a radiant altar of Vehumet.
   937 | D:2      | Reached skill level 7 in Ranged Weapons
   956 | D:2      | HP: 4/20 [jackal (2)]
   957 | D:2      | 957 ||| READING scroll of teleportation.
   958 | D:2      | 958 ||| DRINKING potion of heal wounds.
  1021 | D:2      | HP: 5/20 [poisoned by an adder]
  1120 | D:2      | Reached XP level 4. HP: 25/25 MP: 6/6
  1531 | D:2      | 1531 ||| UPGRADING to +0 pair of boots.
  1536 | D:2      | 1536 ||| UPGRADING to +0 helmet.
  1541 | D:2      | 1541 ||| DROPPING ring of wizardry.
  1542 | D:2      | 1542 ||| READING scroll labelled HIOBIX GOAHU.
  1543 | D:2      | 1543 ||| READING 2 scrolls labelled GEATRE MIERRIU.
  1544 | D:2      | 1544 ||| READING scroll labelled VOHIDO IGUODI.
  1544 | D:2      | 1544 ||| ENCHANTING +0 shortbow.
  1545 | D:2      | 1545 ||| READING scroll labelled HAN ALI MEEH.
  1646 | D:2      | 1646 ||| DROPPING scroll of noise.
  1685 | D:3      | Noticed Robin
  1695 | D:3      | Killed Robin
  1696 | D:3      | Reached skill level 8 in Ranged Weapons
  1850 | D:3      | Identified the +9 hammer of Profit {freeze, rC+ Int+2}
  1853 | D:3      | Found a runed translucent door.
  1854 | D:3      | Noticed Crazy Yiuf
  1881 | D:3      | Noticed Natasha
  1881 | D:3      | Noticed a scorpion
  1883 | D:3      | 1883 ||| RETREEEEATING.
  1892 | D:3      | Killed a scorpion
  1893 | D:3      | Reached XP level 5. HP: 8/29 MP: 7/7
  1894 | D:3      | Killed Natasha
  1895 | D:3      | Reached skill level 9 in Ranged Weapons
  1957 | D:3      | 1957 ||| FLEEEEING.
  2064 | D:3      | Noticed Jessica
  2070 | D:3      | Noticed Natasha
  2073 | D:3      | Killed Jessica
  2074 | D:3      | Reached skill level 3 in Dodging
  2075 | D:3      | Killed Natasha
  2101 | D:3      | Noticed Natasha
  2108 | D:3      | Killed Natasha
  2109 | D:3      | Reached XP level 6. HP: 34/35 MP: 8/8
  2627 | D:3      | 2627 ||| UPGRADING to +0 ring mail.
  2637 | D:3      | 2637 ||| DROPPING +0 leather armour.
  2638 | D:3      | 2638 ||| READING scroll of identify.
  2638 | D:3      | 2638 ||| IDENTIFYING lumpy green potion
  2639 | D:3      | 2639 ||| READING scroll labelled ECKIET XUACVAY.
  2639 | D:3      | 2639 ||| BRANDING +1 shortbow.
  2640 | D:3      | 2640 ||| DRINKING 2 fizzy pink potions.
  2641 | D:3      | 2641 ||| DRINKING 2 purple potions.
  2642 | D:3      | 2642 ||| DROPPING potion of degeneration.
  2643 | D:3      | 2643 ||| DROPPING potion of brilliance.
  2779 | D:4      | Reached skill level 1 in Armour
  2927 | D:4      | You fall into a shaft and drop 3 floors!
  2973 | D:7      | Noticed a steam dragon
  2974 | D:7      | Noticed a sky beast
  2982 | D:7      | HP: 1/35 [steam dragon] (14)]
  2982 | D:7      | Killed from afar by a steam dragon

Levels and vault maps discovered:
D:1:      dpeg_arrival_yet_another_circle, layout_loops_ring
D:2:      layout_loops_ring, basic_altar, minmay_tromino_v4_a
D:3:      layout_loops_ring, uniq_robin, uniq_crazy_yiuf_cottage, uniq_jessica,
          uniq_natasha
D:4:      layout_loops_ring, nicolae_tso_besieged_by_evil
D:7:      minmay_the_grid_octo_2x2 [minmay_the_grid_octo_horde,
          minmay_the_grid_octo_pinwheel, minmay_the_grid_octo_toaster,
          minmay_the_grid_octo_prize_big_c], layout_basic, item_on_display_b,
          uniq_duvessa

Skill      XL: |  1  2  3  4  5  6 |
---------------+-------------------+-----
Ranged Weapons | 6 7 8 9 |  9.8
Dodging        | 3 |  3.2
Fighting       | 2 |  2.2
Armour         | 1 |  1.1
Stealth        | |  1.2

Action                     |  1- 3 |  4- 6 || total
---------------------------+-------+-------++-------
   Fire: Shortbow          |   115 |   193 ||   308
    Use: Scroll            |     3 |     6 ||     9
         Potion            |     1 |     2 ||     3
 Armour: Leather armour    |    43 |    36 ||    79
         Ring mail         |       |    17 ||    17
  Dodge: Dodged            |    34 |    39 ||    73

Table legend:
 A = Non-vault XP
 B = Vault XP
 C = Vault XP percentage of total XP
 D = Non-vault monster count
 E = Vault monster count
 F = Vault count percentage of total count
                 A         B        C        D         E       F
            +---------+---------+-------+---------+---------+-------
      Total |     549 |     100 |  15.4 |      76 |      12 |  13.6
            +---------+---------+-------+---------+---------+-------
        D:1 |      36 |       0 |   0.0 |      23 |       0 |   0.0
        D:2 |     100 |       3 |   2.9 |      27 |       2 |   6.9
        D:3 |     203 |      97 |  32.3 |      17 |      10 |  37.0
        D:4 |     210 |       0 |   0.0 |       9 |       0 |   0.0
            +---------+---------+-------+---------+---------+-------
